 Dungeon Crawl Stone Soup version 0.29-a0-384-g6960b1960d (webtiles) character file.

Game seed: 13781849054691735567

25 Bruhh the Slasher (level 2, -3/24 HPs)
             Began as a Demonspawn Monk on May 7, 2022.
             Was a Follower of Uskayaw.
             Slain by Terence
             ... wielding a +0 flail of protection
              (4 damage)
             ... on level 2 of the Dungeon.
             The game lasted 00:01:25 (1249 turns).

Bruhh the Slasher (Demonspawn Monk)                 Turns: 1249, Time: 00:01:25

Health: -3/24      AC:  2    Str: 11    XL:     2   Next: 82%
Magic:  2/2        EV: 12    Int: 11    God:    Uskayaw [*.....]
Gold:   52         SH:  0    Dex: 15    Spells: 1/1 levels left

rFire   . . .      SeeInvis .   a - +0 falchion
rCold   . . .      Faith    .   (no shield)
rNeg    . . .      Spirit   .   b - +0 robe
rPois   .          Reflect  .   (no helmet)
rElec   .          Harm     .   (no cloak)
rCorr   .          Rampage  .   (no gloves)
Will    .....                   (no boots)
Stlth   ++........              (no amulet)
HPRegen 0.08/turn               (no ring)
MPRegen 0.08/turn               (no ring)

@: no status effects
A: claws 1
a: Renounce Religion, Stomp


You were on level 2 of the Dungeon.
You worshipped Uskayaw.
Uskayaw was noncommittal.
You visited 1 branch of the dungeon, and saw 2 of its levels.

You collected 52 gold pieces.

Inventory:

Hand Weapons
 a - a +0 falchion (weapon)
Missiles
 h - 2 poisoned darts (quivered)
Armour
 b - a +0 robe (worn)
Scrolls
 e - a scroll of identify {unknown}
 i - a scroll of immolation {unknown}
 j - a scroll of brand weapon {unknown}
 k - 4 scrolls of enchant armour {unknown}
Potions
 d - a potion of magic {unknown}
 f - a potion of berserk rage {unknown}
 g - 2 potions of lignification {unknown}


   Skills:
 - Level 3.0 Fighting
 + Level 3.7 Long Blades
 - Level 2.6 Dodging
 - Level 1.7 Stealth


You had one spell level left.
You didn't know any spells.
Your spell library contained the following spells:

 Spells                   Type           Power      Damage    Failure   Level
 Gell's Gravitas          Tloc           0%         N/A       71%         3
 Teleport Other           Tloc           0%         N/A       71%         3
 Dispersal                Tloc           0%         N/A       100%        6


Dungeon Overview and Level Annotations

Branches:
Dungeon (2/15)

Altars:
Uskayaw

Annotations:
D:2 Terence


Innate Abilities, Weirdness & Mutations

You have sharp fingernails.


Message History

Terence says, "Time to say good-bye..."
Terence hits you with a +0 flail of protection!
You barely miss Terence.
Terence hits you with a +0 flail of protection!
You are too injured to fight recklessly!
You are confused.
You feel invigorated. Terence barely misses you.
You hit Terence but do no damage. Terence says, "How do you enjoy it?"
Terence closely misses you.
You bump into the rock wall.
Terence hits you with a +0 flail of protection!
You closely miss Terence.
Terence hits you with a +0 flail of protection!
* * * LOW HITPOINT WARNING * * *
You bump into the rock wall.
Terence barely misses you.
You bump into the rock wall.
Terence hits you with a +0 flail of protection!
* * * LOW HITPOINT WARNING * * *
You closely miss Terence.
Terence hits you with a +0 flail of protection.
* * * LOW HITPOINT WARNING * * *
Okay, then.
You bump into the rock wall.
Terence hits you with a +0 flail of protection.
You hit Terence but do no damage.
Terence hits you with a +0 flail of protection!
* * * LOW HITPOINT WARNING * * *
You bump into the rock wall.
You feel less invigorated.
You feel less confused. Terence closely misses you.
You don't have enough magic capacity.
Unknown command.
You barely miss Terence. Terence barely misses you.
You barely miss Terence.
Terence hits you with a +0 flail of protection!
* * * LOW HITPOINT WARNING * * *
Terence attacks as you move away!
Terence hits you with a +0 flail of protection.
You die...

#........#
##########.########
#..........#
#.########.# #.#
#.# #.# #.# #.# #.#
#.## #.# #)#@## #.#
#.###@######.# ..#
##.......# ...
#.######## .... #.#
... #.# ... #. #


You could see Terence.

Vanquished Creatures
  A ball python (D:1)
  6 endoplasms (D:1)
  2 goblins (D:1)
  2 hobgoblins (D:1)
  2 kobolds (D:1)
  A quokka (D:1)
  5 bats (D:1)
  2 rats (D:1)
21 creatures vanquished.

Notes
Turn   | Place    | Note
-------+----------+-------------------------------------------
     0 | D:1      | Bruhh the Demonspawn Monk began the quest for the Orb.
     0 | D:1      | Reached XP level 1. HP: 18/18 MP: 1/1
   206 | D:1      | Gained mutation: You have sharp fingernails. [demonic
                  | ancestry]
   206 | D:1      | Reached XP level 2. HP: 23/24 MP: 2/2
  1079 | D:1      | Found a faded altar of an unknown god.
  1175 | D:1      | Prayed at the altar of an unknown god.
  1175 | D:1      | Became a worshipper of Uskayaw the Reveller
  1175 | D:1      | Reached * piety under Uskayaw
  1175 | D:1      | Reached ** piety under Uskayaw
  1230 | D:2      | Noticed Terence
  1245 | D:2      | HP: 1/24 [Terence/+0 flail of protection (8)]
  1249 | D:2      | Slain by Terence

Illustrated notes

Levels and vault maps discovered:
D:1:      shiori_arrival_elements, layout_rooms,
          shapermc_ecumenical_altar_flowoftime, minmay_misc_feat_chi
D:2:      layout_loops_ring, uniq_jessica, uniq_terence, uniq_crazy_yiuf_cottage

Skill      XL: |  1 |
---------------+----+-----
Long Blades    | 3 |  3.7
Fighting       | |  3.0
Dodging        | |  2.6
Stealth        | |  1.7

Action                   || total
-------------------------++-------
Melee: Falchion          ||    69
  Use: Potion            ||     1
 Stab: Sleeping          ||     1
Armor: Robe              ||    13
Dodge: Dodged            ||    52

Table legend: (Time is in decaauts)
 A = Elapsed time spent in this place.
 B = Non-inter-level travel time spent in this place.
 C = Inter-level travel time spent in this place.
 D = Time resting spent in this place.
 E = Time spent auto-exploring this place.
 F = Levels seen in this place.
 G = Mean time per level.
                   A        B        C        D        E       F      G
               +--------+--------+--------+--------+--------+-----+--------+
         Total |   1257 |   1224 |     33 |      0 |   1027 |   2 |  628.5 |
       Dungeon |   1257 |   1224 |     33 |      0 |   1027 |   2 |  628.5 |
               +--------+--------+--------+--------+--------+-----+--------+

Top non-repeatable levels by time:
     D:1: 1211 daAuts
     D:2: 46 daAuts
